 Dungeon Crawl Stone Soup version 0.17-a0-1882-g750edc8 (webtiles) character file.

533882 Enroth the Executioner (level 24, -4/247 HPs)
             Began as a Purple Draconian Berserker on Sept 20, 2015.
             Was a High Priest of Makhleb.
             Slain by an alligator (8 damage)
             ... while paralysed by a giant eyeball
             ... on level 3 of the Depths on Sept 23, 2015.
             The game lasted 05:34:15 (47714 turns).

Enroth the Executioner (DrBe)                      Turns: 47714, Time: 05:34:15

Health: -4/247     AC: 22    Str: 37    XL:     24   Next: 51%
Magic:  25/34      EV:  2    Int:  8    God:    Makhleb [*****.]
Gold:   6475       SH:  0    Dex: 18    Spells: 2 memorised, 16 levels left

rFire  + . .     SeeInvis +     k - +8 mithril axe "Arga" {speed, MR+ Str+2}
rCold  . . .     Clarity  +     (armour unavailable)
rNeg   . . .     SustAt   .     t - +4 large shield
rPois  .         Gourm    .     q - +2 hat of the High Council {Archmagi, Wiz- Stlth-}
rElec  +         Spirit   .     w - +2 cloak {MR+}
rCorr  .         Warding  .     I - +2 pair of gloves {Str+3}
rMut   .         Stasis   .     N - +0 pair of boots
MR     ++++.                    T - amulet of regeneration
Stlth  ++++......               m - ring of Gegiwifo {*Contam MR- Str+7 Dex+2 SInv}
                                y - ring of Ehochaw {rElec rF+ Int-4 Dex+3 SInv}

@: paralysed, incredibly resistant to hostile enchantments, stealthy
A: breathe power, unfitting armour, beak, claws 1, stinger 1, camouflage 1,
clarity, sense surroundings 1, regeneration 2, robust 1, shaggy fur 1, wild
magic 3, evolution 1, cold-blooded, MP-powered wands, AC +12
a: Breathe Dispelling Energy, Minor Destruction, Lesser Servant of Makhleb,
Major Destruction, Greater Servant of Makhleb, Renounce Religion
}: 3/15 runes: serpentine, barnacled, silver


You were on level 3 of the Depths.
You worshipped Makhleb.
Makhleb was extremely pleased with you.
You were not hungry.

You visited 10 branches of the dungeon, and saw 50 of its levels.
You also visited: Labyrinth, Trove, Ossuary and Ice Cave.

You collected 6969 gold pieces.
You spent 494 gold pieces at shops.

Inventory:

Hand weapons
 k - the +8 mithril axe "Arga" (weapon) {speed, MR+ Str+2}
   (You acquired it on level 10 of the Dungeon)

   Attacks with this weapon are significantly faster.
   It affects your strength (+2).
   It affects your resistance to hostile enchantments.
 B - a +8 hand axe of flaming
Missiles
 S - 25 javelins (quivered)
Armour
 q - the +2 hat of the High Council (worn) {Archmagi, Wiz- Stlth-}
   (You found it on level 8 of the Lair of Beasts)

   It makes you less stealthy.
 t - a +4 large shield (worn)
 w - a +2 cloak of magic resistance (worn)
 I - a +2 pair of gloves of strength (worn)
 N - a +0 pair of boots (worn)
Jewellery
 m - the ring of Gegiwifo (right hand) {*Contam MR- Str+7 Dex+2 SInv}
   (You found it on level 14 of the Dungeon)

   [ring of see invisible]

   It affects your strength (+7).
   It affects your dexterity (+2).
   It affects your resistance to hostile enchantments.
   It lets you see invisible.
   It causes magical contamination when unequipped.
 y - the ring of Ehochaw (left hand) {rElec rF+ Int-4 Dex+3 SInv}
   (You found it in a labyrinth)

   [ring of protection from fire]

   It affects your intelligence (-4).
   It affects your dexterity (+3).
   It protects you from fire.
   It insulates you from electricity.
   It lets you see invisible.
 T - an amulet of regeneration (around neck)
Magical devices
 f - a wand of enslavement (14)
 l - a wand of hasting (6)
 G - a wand of teleportation (8)
 V - a wand of digging (9)
Scrolls
 c - 13 scrolls of identify
 d - 32 scrolls of remove curse
 e - 6 scrolls of teleportation
 j - a scroll of enchant weapon
 o - 3 scrolls of blinking
 p - a scroll of amnesia
 u - a scroll of brand weapon
 C - 5 scrolls of recharging
 F - 6 scrolls of magic mapping
 K - a scroll of enchant armour
 L - 5 scrolls of fog
 M - 3 scrolls of silence
 R - 3 scrolls of fear
Potions
 g - 13 potions of curing
 h - a potion of resistance
 i - 7 potions of haste
 r - 4 potions of invisibility
 v - 2 potions of flight
 x - 3 potions of heal wounds
 z - 6 potions of might
 D - 4 potions of agility
Books
 A - a book of the Dragon

   Spells                             Type                      Level
   a - Flame Tongue                   Conjuration/Fire             1
   b - Cause Fear                     Hexes                        4
   c - Bolt of Fire                   Conjuration/Fire             6
   d - Dragon Form                    Transmutation                7
   e - Dragon's Call                  Summoning                    9
Miscellaneous
 n - a disc of storms
 J - a sack of spiders {used: 2}
 U - a fan of gales
 W - a lamp of fire
Comestibles
 a - 10 fruits
 b - 19 bread rations
 s - 16 meat rations
 E - 28 beef jerkies
 H - 3 chunks of flesh


   Skills:
 + Level 20.3 Fighting
 + Level 22.9 Axes
 + Level 18.9 Dodging
 + Level 10.6 Stealth
 + Level 18.0 Shields
 * Level 15.4 Evocations


You had 16 spell levels left.
You knew the following spells:

 Your Spells              Type           Power        Failure   Level  Hunger
a - Regeneration          Chrm/Necr      #.........   100%        3    ####...
b - Condensation Shield   Ice            #.........   100%        4    #####..


Dungeon Overview and Level Annotations

Branches:
Dungeon (15/15)            Temple (1/1) D:7            Lair (8/8) D:11
 Shoals (4/4) Lair:3        Snake (4/4) Lair:3        Slime (0/6) Lair:6
    Orc (4/4) D:11            Elf (3/3) Orc:4        Vaults (5/5) D:13
  Crypt (3/3) Vaults:3       Tomb (0/3) Crypt:3      Depths (3/5) D:15

Altars:
Ashenzari
Cheibriados
Dithmenos
Elyvilon
Fedhas
Gozag
Kikubaaqudgha
Makhleb
Nemelex Xobeh
Okawaru
Qazlal
Ru
Sif Muna
Vehumet
Xom
Yredelemnul
The Shining One
Jiyva

Shops:
Orc:2 }   Orc:4 ([*   Snake:1 *   Vaults:1 }   Vaults:3 :

Portals:
Hell: Depths:1 Depths:2
Abyss: Depths:1 Depths:2 Depths:3
Pandemonium: Depths:1 Depths:3


Innate Abilities, Weirdness & Mutations

You can breathe bolts of dispelling energy.
Your rich purple scales are hard (AC +12).
Your body does not fit into most forms of armour.
You are cold-blooded and may be slowed by cold attacks.
You have a beak for a mouth.
You have sharp fingernails.
Your tail ends in a poisonous barb.
Your skin changes colour to match your surroundings (Stealth).
You possess an exceptional clarity of mind.
You passively map a small area around you.
You heal very quickly.
You are robust (+10% HP).
You are covered in fur (AC +1).
Your spells are much harder to cast, but much more powerful.
You evolve.
You expend magic power (3 MP) to strengthen your wands.


Message History

The alligator tail-slaps you but does no damage.
The orc warlord hits you with an uncursed enchanted battleaxe!!
The shadow dragon bites you but does no damage.
The shadow dragon claws you but does no damage. x2
The spriggan berserker hits you with an antimagic hand axe.
You feel your power leaking away.
The alligator bites you but does no damage.
The alligator tail-slaps you but does no damage.
The snapping turtle bites you from afar!!
* * * LOW HITPOINT WARNING * * *
The spriggan rider hits you with a spear.
* * * LOW HITPOINT WARNING * * *
The alligator snapping turtle bites you from afar!!
* * * LOW HITPOINT WARNING * * *
The shadow dragon barely misses you.
The shadow dragon claws you but does no damage. x2
The orc warlord hits you with an uncursed enchanted battleaxe!!
* * * LOW HITPOINT WARNING * * *
The alligator bites you!
You die...

, ,**, ####..#........# , *
#)..#.........#. ,*,
#.......#....... * ,
,###.#............. , *
*###.#......#........ ,*
,#...#.......#..#.... #. ,
,##.et#....#..#...#... #. * ,
#..oGt#...../#....#..
#.#########.###@DC#############.
#..##...#.##..i#it}..##.#...##..
#...#...#..##.G=#|/.##..#...#...
#.>..#..#...#... ...#}..#..#....
#.....##.######.*.######.##.....
##.......#...#.## ##[#...#.......
##.....#.#...#..###..#...#.#....#
#.#.#∩....#..#...#[..#..#......##
##...###.>.##.#######.##.......#


You could see an alligator snapping turtle, a shadow dragon, an orc warlord, a
titan, a deep elf master archer, an alligator, a snapping turtle, a spriggan
rider, a giant orange brain, a spriggan berserker (berserk) and a giant eyeball.

Vanquished Creatures
  Mara (Snake:4)
  An ancient lich (Crypt:3)
  Saint Roka (Depths:2)
  5 golden dragons
  A bone dragon (Crypt:3)
  Jorgrun (Shoals:3)
  Rupert (Lair:3)
  A quicksilver dragon (Vaults:5)
  5 liches
  2 deep elf master archers (Elf:3)
  3 deep elf blademasters
  3 krakens
  2 titans
  The ghost of haldagan the Basher, a mighty TrWn of Cheibriados (Depths:2)
  3 sphinxes
  An ancient champion (Crypt:2)
  An eldritch tentacle (Vaults:5)
  5 shadow dragons
  An octopode crusher (Shoals:1)
  A revenant (Crypt:2)
  5 storm dragons
  Roxanne (Shoals:1)
  Ilsuiw (Shoals:4)
  7 greater nagas
  5 tengu reavers
  Donald (Shoals:1)
  5 large abominations
  Maud (D:10)
  23 vault wardens
  11 frost giants
  3 iron dragons
  6 fire giants
  Aizul (Snake:4)
  Louise (Shoals:1)
  6 deep elf sorcerers (Elf:3)
  An orc warlord (Orc:4)
  A curse skull (Vaults:3)
  17 ironheart preservers
  6 ghouls
  6 very ugly things
  4 vampire knights
  A reaper (Crypt:3)
  5 war gargoyles
  6 deep elf demonologists
  17 stone giants
  4 salamander stormcallers
  The ghost of SkyBlueFox the Gouger, a powerful FeEn of Nemelex Xobeh (Depths:2)
  11 deep elf annihilators
  3 crystal guardians (Crypt:3)
  2 eidola
  5 merfolk javelineers (Shoals:4)
  10 deep elf death magi
  36 vault guards
  16 jiangshi
  6 yaktaur captains
  9 merfolk impalers
  A minotaur (Lab)
  Josephine (Orc:2)
  9 fire dragons
  8 ettins
  8 great orbs of eyes
  An entropy weaver (Vaults:2)
  5 deep elf high priests
  2 rakshasas
  The ghost of twist the Arsonist, a powerful DEFE of Vehumet (IceCv)
  Harold (Orc:1)
  3 ice dragons
  5 hydras
  8 centaur warriors
  11 naga warriors
  2 death knights
  A spriggan air mage (Depths:3)
  An alligator snapping turtle (Shoals:1)
  2 merfolk avatars
  A catoblepas (Lair:4)
  6 anacondas
  A satyr (Shoals:4)
  11 death yaks
  20 dancing weapons
  5 merfolk aquamancers
  14 ogre magi
  5 deep troll shamans
  2 titan zombies
  8 naga sharpshooters
  2 hell hogs (Depths:2)
  9 shock serpents
  Urug (D:10)
  7 deep troll earth magi
  14 hell knights
  3 vampire magi
  A storm dragon zombie (Crypt:3)
  Sonja (Lair:3)
  A spriggan berserker (Depths:2)
  Nergalle (D:12)
  4 orc high priests
  A fire crab (shapeshifter) (Depths:1)
  6 shadow wraiths
  An iron troll (Depths:2)
  3 fire crabs
  10 sea snakes
  A salamander mystic (Snake:2)
  7 unseen horrors
  19 deep trolls
  A death drake (shapeshifter) (Vaults:3)
  A giant orange brain (Vaults:4)
  17 skeletal warriors
  18 deep elf knights
  2 flayed ghosts
  4 naga ritualists (Snake:4)
  25 ironbrand convokers
  An ice statue (IceCv)
  An anaconda zombie (Crypt:2)
  9 deep elf summoners
  12 hill giants
  13 deep elf conjurers
  32 ugly things
  A sphinx zombie (Vaults:5)
  12 phantasmal warriors
  20 harpies
  19 orc knights
  12 necromancers
  A wolf spider zombie (Crypt:2)
  2 lindwurms
  4 mana vipers
  9 orc sorcerers
  4 wizards
  7 wolf spiders
  9 cyclopes
  2 shadow dragon skeletons (Crypt:1)
  A hornet (shapeshifter) (Depths:2)
  10 manticores
  A moth of wrath (shapeshifter) (Vaults:5)
  A shining eye (shapeshifter) (Vaults:4)
  10 griffons
  3 hornets
  33 black mambas
  21 naga magi
  5 water nymphs
  5 salamanders
  5 sirens
  A frost giant skeleton (Crypt:2)
  8 fauns
  21 elephants (Lair:2)
  12 vault sentinels
  A molten gargoyle (D:11)
  2 fire giant skeletons
  An octopode (shapeshifter) (Vaults:2)
  A spriggan zombie (Depths:2)
  3 guardian serpents
  A shock serpent zombie (Crypt:3)
  11 spiny frogs
  9 torpor snails
  3 centaur skeletons
  A black mamba (shapeshifter) (Vaults:3)
  6 gargoyles
  31 yaktaurs
  4 kobold demonologists
  A komodo dragon (shapeshifter) (Depths:3)
  A storm dragon simulacrum (Crypt:2)
  An emperor scorpion zombie (Crypt:3)
  2 efreet
  16 deep elf priests
  5 fire drakes
  2 tengu conjurers (D:15)
  11 komodo dragons
  A red draconian skeleton (Crypt:1)
  A yaktaur (shapeshifter) (D:14)
  23 merfolk
  12 freezing wraiths
  A polar bear (shapeshifter) (Vaults:5)
  An entropy weaver zombie (Crypt:2)
  A raiju (Depths:3)
  3 giant leeches (Lair:8)
  24 slime creatures
  3 wind drakes
  A merfolk (shapeshifter) (Vaults:5)
  5 trolls
  14 blink frogs
  A hornet zombie (D:13)
  4 boulder beetles
  19 polar bears
  A jumping spider (Vaults:4)
  A bog body (Crypt:1)
  A troll (shapeshifter) (Vaults:3)
  23 two-headed ogres
  An iron dragon simulacrum (Crypt:2)
  7 snapping turtles
  A stone giant simulacrum (Depths:2)
  A spriggan (shapeshifter) (Vaults:5)
  4 redbacks
  12 wraiths
  A tarantella (Vaults:4)
  2 ettin skeletons
  Sigmund (D:5)
  22 flying skulls
  2 ice dragon skeletons (Crypt:3)
  4 vampires
  A fire dragon skeleton (Crypt:3)
  42 deep elf fighters
  A redback (shapeshifter) (Vaults:5)
  A black mamba zombie (Crypt:3)
  30 deep elf magi
  6 water elementals
  62 yaks
  2 chaos spawn (Depths:1)
  4 wyverns
  A satyr skeleton (Crypt:1)
  4 shadows
  30 vampire mosquitoes
  4 hippogriffs
  7 hungry ghosts
  A basilisk (Lair:4)
  A hill giant skeleton (Crypt:1)
  A human (shapeshifter) (Depths:1)
  2 soldier ants
  3 mottled dragons
  33 nagas
  2 steam dragons (Lair:8)
  38 wolves
  A deep troll zombie (Vaults:5)
  12 porcupines
  A soldier ant (shapeshifter) (Vaults:2)
  7 wargs
  44 orc warriors
  A swamp drake (Lair:8)
  A hydra simulacrum (Depths:3)
  2 eyes of draining
  5 sky beasts
  16 water moccasins
  11 necrophages
  4 black bears
  A phantom (D:7)
  8 hell hounds (Depths:2)
  11 ice beasts
  6 wasps
  An ettin simulacrum (Vaults:3)
  22 centaurs
  58 ogres
  14 boggarts
  2 snapping turtle skeletons (Crypt:2)
  A swamp dragon skeleton (Crypt:3)
  3 big kobolds
  3 brain worms (Lair:8)
  20 giant frogs
  19 crocodiles
  A salamander skeleton (Crypt:2)
  A komodo dragon skeleton (Crypt:1)
  An elf skeleton (Crypt:2)
  A wyvern zombie (D:12)
  A draconian skeleton (Crypt:1)
  A troll zombie (Crypt:2)
  5 killer bees (D:8)
  2 wyvern skeletons (D:13)
  A yak zombie (Crypt:2)
  A water moccasin skeleton (D:7)
  A warg skeleton (Crypt:1)
  8 small abominations (Depths:1)
  4 scorpions
  2 queen bee zombies (Crypt:2)
  3 electric eels (Snake:1)
  2 polar bear skeletons
  13 wights
  3 crimson imps
  A quasit (D:5)
  A giant frog zombie (D:10)
  5 hounds
  3 jellies
  23 orc priests
  A lava snake (Snake:4)
  35 orc wizards
  A gnoll shaman (D:10)
  3 giant frog skeletons
  14 iguanas
  7 hell rats (Lair:6)
  12 worker ants
  A big kobold zombie (Ossuary)
  A hound zombie (D:5)
  17 sheep
  An ogre skeleton (Crypt:3)
  A tengu skeleton (Crypt:1)
  2 hound skeletons
  4 mummies (Ossuary)
  A worker ant zombie (D:7)
  14 gnolls
  14 adders
  29 river rats
  12 white imps (Lair:4)
  3 shadow imps
  An ooze (D:4)
  2 adder skeletons
  17 worms
  157 orcs
  A giant cockroach (shapeshifter) (Depths:2)
  6 giant cockroaches
  7 goblins
  7 hobgoblins
  24 kobolds
  4 quokkas
  2 ball pythons
  9 bats
  10 giant geckos
  7 giant newts
  3 gnoll zombies (Ossuary)
  2 hobgoblin zombies (Ossuary)
  2 kobold zombies (Ossuary)
  2 quokka skeletons
  4 rats
  A rat skeleton (Crypt:2)
  A butterfly (Lair:3)
  5 crawling corpses
  3 fire vortices
  8 fungi
  A lost soul (Crypt:3)
  6 plants
  10 tentacles
2314 creatures vanquished.

Vanquished Creatures (collateral kills)
  4 greater nagas (Snake:4)
  A deep elf death mage (Elf:3)
  A vault guard (Vaults:5)
  9 naga warriors (Snake:4)
  An anaconda (Snake:4)
  2 naga sharpshooters (Snake:4)
  A naga ritualist (Snake:4)
  A deep elf conjurer (Elf:1)
  A black mamba (Snake:4)
  12 naga magi (Snake:4)
  A deep elf mage (Elf:1)
  13 nagas (Snake:4)
  A vampire mosquito (Vaults:1)
  A big kobold (Vaults:1)
  A river rat (Lair:2)
50 creatures vanquished.

Vanquished Creatures (others)
  A vault warden (Vaults:5)
  An ironbrand convoker (Vaults:5)
  2 yaktaurs (Vaults:5)
  A slime creature (Depths:3)
  A freezing wraith (Vaults:4)
  2 yaks (IceCv)
  A deep elf mage (Elf:2)
  A naga (Snake:3)
  An ice beast (D:8)
  A boggart (Vaults:2)
  2 orcs
  A bush (D:7)
  22 eldritch tentacle segments (Vaults:5)
  35 fungi
  7 lost souls
  16 plants
  22 tentacles
  397 tentacle segments
514 creatures vanquished.

Grand Total: 2878 creatures vanquished

Notes
Turn   | Place    | Note
--------------------------------------------------------------
     0 | D:1      | Enroth the Draconian Berserker began the quest for the Orb.
     0 | D:1      | Reached XP level 1. HP: 19/19 MP: 1/1
    98 | D:1      | Reached XP level 2. HP: 22/27 MP: 2/2
   250 | D:1      | Acquired Trog's second power
   540 | D:1      | Reached skill level 4 in Fighting
   679 | D:2      | Reached XP level 3. HP: 29/33 MP: 3/3
   827 | D:2      | Reached XP level 4. HP: 36/40 MP: 4/4
  2101 | D:3      | Reached XP level 5. HP: 47/47 MP: 5/5
  2269 | D:4      | Found a sand-covered staircase.
  2278 | Ossuary  | Entered an ossuary
  2360 | Ossuary  | Reached skill level 1 in Stealth
  2725 | D:4      | Noticed an ogre
  2733 | D:4      | Killed an ogre
  2733 | D:4      | Reached skill level 5 in Fighting
  2733 | D:4      | Reached XP level 6. HP: 47/56 MP: 6/6
  2819 | D:4      | Found a white marble altar of Elyvilon.
  3200 | D:4      | Acquired Trog's third power
  3279 | D:5      | Entered Level 5 of the Dungeon
  3344 | D:5      | Reached skill level 5 in Axes
  3344 | D:5      | Your scales start taking on a rich purple colour.
  3344 | D:5      | Reached XP level 7. HP: 61/61 MP: 7/7
  3398 | D:5      | Reached skill level 5 in Dodging
  3908 | D:5      | Reached skill level 6 in Fighting
  3908 | D:5      | Reached skill level 1 in Shields
  4136 | D:5      | Noticed Sigmund
  4145 | D:5      | Killed Sigmund
  4145 | D:5      | Reached XP level 8. HP: 70/70 MP: 8/8
  5243 | D:6      | You fall through a shaft!
  5416 | D:7      | Reached skill level 7 in Dodging
  5461 | D:7      | Reached XP level 9. HP: 40/78 MP: 9/9
  6020 | D:7      | Found a staircase to the Ecumenical Temple.
  6026 | Temple   | Entered the Ecumenical Temple
  6508 | D:8      | Got a heavily runed cloak
  6514 | D:8      | Identified the +1 cloak "Qusem" {*Confuse rF- Regen+ Stlth+} (You found it on level 8 of the Dungeon)
  6658 | D:8      | Received a gift from Trog
  6676 | D:8      | Found a burning altar of Makhleb.
  6741 | D:8      | Reached skill level 8 in Dodging
  6759 | D:8      | Gained mutation: You have sharp toenails. [potion of mutation]
  6759 | D:8      | Gained mutation: You expend magic power (3 MP) to strengthen your wands. [potion of mutation]
  6759 | D:8      | Gained mutation: Your spells are a little harder to cast, but a little more powerful. [potion of mutation]
  6819 | D:8      | Gained mutation: You have sharp fingernails. [potion of mutation]
  6820 | D:8      | Gained mutation: Your skin changes colour to match your surroundings (Stealth). [potion of mutation]
  6820 | D:8      | Gained mutation: You possess an exceptional clarity of mind. [potion of mutation]
  6821 | D:8      | Gained mutation: You are covered in fur (AC +1). [potion of mutation]
  6821 | D:8      | Gained mutation: Your natural rate of healing is unusually fast. [potion of mutation]
  6821 | D:8      | Gained mutation: Your spells are harder to cast, but more powerful. [potion of mutation]
  6998 | D:8      | Reached skill level 5 in Shields
  7287 | D:9      | Reached XP level 10. HP: 86/86 MP: 7/10
  7357 | D:9      | Reached skill level 9 in Dodging
  7361 | D:9      | Reached skill level 1 in Evocations
  7435 | D:9      | Found a shimmering altar of Xom.
  7528 | D:9      | Found a sparkling altar of Nemelex Xobeh.
  7743 | D:10     | Entered Level 10 of the Dungeon
  7888 | D:10     | Noticed a hill giant
  7894 | D:10     | Killed a hill giant
  7970 | D:10     | Identified a scroll of acquirement
  7995 | D:10     | Reached skill level 10 in Dodging
  8087 | D:10     | Noticed Urug
  8100 | D:10     | Killed Urug
  8100 | D:10     | Reached XP level 11. HP: 95/95 MP: 11/11
  8271 | D:10     | Noticed Maud
  8286 | D:10     | Killed Maud
  8286 | D:10     | Reached skill level 5 in Stealth
  8394 | D:10     | Noticed a hill giant
  8400 | D:10     | Killed a hill giant
  8571 | D:11     | Found a stormy altar of Qazlal.
  8666 | D:10     | Killed an unseen horror
  8779 | D:11     | Received a gift from Trog
  8805 | D:11     | Found a staircase to the Orcish Mines.
  8824 | Orc:1    | Entered Level 1 of the Orcish Mines
  9196 | Orc:2    | Reached skill level 10 in Axes
  9300 | Orc:2    | Noticed Josephine
  9311 | Orc:2    | Killed Josephine
  9312 | Orc:2    | Received a gift from Trog
  9315 | Orc:2    | Reached skill level 10 in Fighting
  9578 | Orc:3    | Reached XP level 12. HP: 40/106 MP: 12/12
  9797 | Orc:3    | Reached skill level 11 in Dodging
 10108 | Orc:4    | Entered Level 4 of the Orcish Mines
 10127 | Orc:4    | Found Juomayfe's Antique Armour Emporium.
 10183 | Orc:4    | Found Soill's Jewellery Boutique.
 10212 | Orc:4    | Found a staircase to the Elven Halls.
 10226 | Orc:4    | Found Sovosemn's Antique Weapon Boutique.
 10455 | Orc:4    | Found Coliprurph's General Store.
 10591 | Orc:4    | Noticed an orc warlord
 10614 | Orc:4    | Received a gift from Trog
 10723 | Orc:4    | Killed an orc warlord
 10992 | Orc:2    | Found Kaxzeing's Gadget Shoppe.
 11156 | Orc:1    | Noticed Harold
 11169 | Orc:1    | Killed Harold
 11463 | D:11     | Noticed a hill giant
 11465 | D:11     | Found a staircase to the Lair.
 11474 | D:11     | Killed a hill giant
 11478 | D:11     | Noticed a hill giant
 11485 | D:11     | Reached skill level 12 in Axes
 11491 | D:11     | Killed a hill giant
 11491 | D:11     | Reached XP level 13. HP: 54/116 MP: 13/13
 11735 | Lair:1   | Entered Level 1 of the Lair of Beasts
 11777 | Lair:1   | Received a gift from Trog
 11853 | Lair:1   | Found a labyrinth entrance.
 11881 | Lab      | Entered a labyrinth
 12355 | Lab      | Got a heavily runed pewter amulet
 12355 | Lab      | Got a bound bone ring
 12356 | Lab      | Got a dazzling battleaxe
 12368 | Lair:1   | Identified the +9 battleaxe of Extremism {freeze, rC+ MR+ Stlth+} (You found it in a labyrinth)
 12381 | Lair:1   | Identified the amulet "Koinil" {Ward rElec rN+ Int+2} (You found it in a labyrinth)
 12383 | Lair:1   | Identified the ring of Ehochaw {rElec rF+ Int-4 Dex+3 SInv} (You found it in a labyrinth)
 13356 | Lair:2   | Received a gift from Trog
 13435 | Lair:2   | Reached skill level 13 in Axes
 14014 | Lair:3   | Reached XP level 14. HP: 126/126 MP: 14/14
 14103 | Lair:3   | Found a staircase to the Snake Pit.
 14107 | Lair:3   | Noticed Rupert
 14123 | Lair:3   | Killed Rupert
 14193 | Lair:3   | Noticed Sonja
 14216 | Lair:3   | Killed Sonja
 14371 | Lair:3   | Found a staircase to the Shoals.
 14515 | Lair:3   | Received a gift from Trog
 14913 | Lair:4   | Reached skill level 10 in Shields
 14921 | Lair:4   | Found a frozen archway.
 14947 | IceCv    | Entered an ice cave
 14985 | IceCv    | Noticed twist's ghost (powerful DEFE)
 14994 | IceCv    | Killed twist's ghost
 15018 | IceCv    | Got a warped hand axe
 15019 | IceCv    | Identified the cursed +1 hand axe "Ogrebane" {freeze, Str+2 Int+5} (You found it in an ice cave)
 15390 | IceCv    | Noticed a frost giant
 15397 | IceCv    | Received a gift from Trog
 15401 | IceCv    | Killed a frost giant
 16008 | Lair:5   | Gained mutation: You evolve. [potion of mutation]
 16008 | Lair:5   | Gained mutation: Your tail ends in a poisonous barb. [potion of mutation]
 16122 | Lair:5   | Reached skill level 14 in Axes
 16158 | Lair:5   | Got a translucent hand axe
 16159 | Lair:5   | Identified the +6 hand axe of the Sky {freeze, Str+3} (You found it on level 5 of the Lair of Beasts)
 16718 | Lair:6   | Found a staircase to the Slime Pits.
 16718 | Lair:6   | Found a viscous altar of Jiyva.
 16782 | Lair:6   | Reached XP level 15. HP: 120/135 MP: 15/15
 16793 | Lair:6   | Got a shimmering cloak
 16794 | Lair:6   | Identified the +1 cloak of Nuisusky {*Corrode rF+ Str+3} (You found it on level 6 of the Lair of Beasts)
 17288 | Lair:6   | Received a gift from Trog
 18240 | Lair:8   | Entered Level 8 of the Lair of Beasts
 18714 | Lair:8   | Found a runed door.
 18774 | Lair:8   | Received a gift from Trog
 18792 | Lair:8   | Lost intelligence.
 19559 | Snake:1  | Entered Level 1 of the Snake Pit
 19577 | Snake:1  | Found Neulluff's Assorted Antiques.
 19595 | Snake:1  | Bought a scroll of recharging for 247 gold pieces
 19595 | Snake:1  | Bought a scroll of enchant armour for 195 gold pieces
 19595 | Snake:1  | Bought a scroll of identify for 52 gold pieces
 19646 | Snake:1  | Identified the Grimoire of Unstable Calling
 20184 | Snake:1  | Reached skill level 15 in Axes
 20601 | Snake:2  | Noticed a greater naga
 20614 | Snake:2  | Received a gift from Trog
 20619 | Snake:2  | Killed a greater naga
 20743 | Snake:2  | Noticed a greater naga
 20751 | Snake:2  | Killed a greater naga
 20751 | Snake:2  | Reached XP level 16. HP: 135/146 MP: 16/16
 20800 | Snake:2  | Gained mutation: Your flesh is cold resistant. [evolution]
 22608 | Snake:3  | Upgraded the game from 0.17-a0-1853-ge1bd2c8 to 0.17-a0-1871-gdc8eb4e
 22609 | Snake:4  | Entered Level 4 of the Snake Pit
 22703 | Snake:4  | Received a gift from Trog
 22784 | Snake:4  | Reached skill level 16 in Axes
 23008 | Snake:4  | Noticed Mara
 23022 | Snake:4  | Noticed Enroth's illusion
 23025 | Snake:4  | Killed Mara
 23081 | Snake:4  | Noticed Aizul
 23095 | Snake:4  | Killed Aizul
 23250 | Snake:4  | Gained mutation: Your magical capacity is low (-10% MP). [potion of mutation]
 23250 | Snake:4  | Gained mutation: Your spells are much harder to cast, but much more powerful. [potion of mutation]
 23291 | Snake:4  | Reached skill level 15 in Dodging
 23308 | Snake:4  | Reached XP level 17. HP: 49/154 MP: 13/16
 23480 | Snake:4  | Received a gift from Trog
 23819 | Snake:4  | Gained mutation: You have a beak for a mouth. [evolution]
 23958 | Snake:4  | Reached skill level 15 in Fighting
 24024 | Snake:4  | Got a serpentine rune of Zot
 24551 | Shoals:1 | Entered Level 1 of the Shoals
 24555 | Shoals:1 | Noticed Louise
 24581 | Shoals:1 | Killed Louise
 25043 | Shoals:1 | Noticed Donald
 25071 | Shoals:1 | Killed Donald
 25071 | Shoals:1 | Received a gift from Trog
 25086 | Shoals:1 | Noticed Roxanne
 25119 | Shoals:1 | Killed Roxanne
 25121 | Shoals:1 | Identified Roxanne's Volume of the Shifting Rocks (You took it off Roxanne on level 1 of the Shoals)
 26491 | Shoals:3 | Noticed Jorgrun
 26508 | Shoals:3 | Killed Jorgrun
 26643 | Shoals:4 | Entered Level 4 of the Shoals
 26852 | Shoals:4 | Received a gift from Trog
 26867 | Shoals:4 | Reached skill level 17 in Axes
 26901 | Shoals:4 | Upgraded the game from 0.17-a0-1871-gdc8eb4e to 0.17-a0-1882-g750edc8
 27047 | Shoals:4 | Reached XP level 18. HP: 135/166 MP: 17/17
 27268 | Shoals:4 | Got a barnacled rune of Zot
 27352 | Shoals:4 | Noticed Ilsuiw
 27368 | Shoals:4 | Killed Ilsuiw
 27409 | Shoals:4 | Received a gift from Trog
 27708 | Shoals:4 | Got a clouded bone ring
 27709 | Shoals:4 | Identified the ring of the Six Lives {+Fly rC+} (You found it on level 4 of the Shoals)
 27945 | Shoals:3 | Lost mutation: You have sharp toenails. [evolution]
 28497 | Elf:1    | Entered Level 1 of the Elven Halls
 28696 | Elf:1    | Received a gift from Trog
 28822 | Elf:1    | Identified Lehudib's Papyrus of Combat Magic
 29266 | Elf:2    | Received a gift from Trog
 29405 | Elf:2    | Found a runed gate.
 29405 | Elf:2    | Found a runed gate.
 29415 | Elf:2    | Found a runed gate.
 29626 | Elf:2    | Found a portal to a secret trove of treasure.
 29942 | Elf:2    | Received a gift from Trog
 30023 | Elf:2    | Reached skill level 5 in Evocations
 30196 | Elf:3    | Entered Level 3 of the Elven Halls
 30497 | Elf:3    | Reached XP level 19. HP: 174/174 MP: 20/20
 30833 | Elf:3    | Reached skill level 18 in Axes
 31068 | Elf:3    | Reached skill level 15 in Shields
 31536 | Elf:3    | Identified the Papyrus of Earth and Transmutation
 31576 | Elf:3    | Identified the Catalogue of Boosting Displacement
 32103 | D:12     | Noticed Nergalle
 32108 | D:12     | Killed Nergalle
 32163 | D:12     | Gained mutation: You are robust (+10% HP). [evolution]
 32676 | D:12     | Received a gift from Trog
 32748 | D:13     | Found a gate to the Vaults.
 32908 | D:13     | Found a shimmering altar of Xom.
 33345 | Vaults:1 | Entered Level 1 of the Vaults
 33486 | Vaults:1 | Received a gift from Trog
 33955 | Vaults:1 | Found Fasoam's Gadget Boutique.
 34119 | Vaults:1 | Reached XP level 20. HP: 187/202 MP: 23/23
 34526 | Vaults:2 | Received a gift from Trog
 34526 | Vaults:2 | Reached skill level 19 in Axes
 35111 | Vaults:2 | Got a dazzling hand axe
 35112 | Vaults:2 | Identified the +4 hand axe "Ceof" {chop, +Inv Stlth+} (You found it on level 2 of the Vaults)
 35158 | Vaults:2 | Received a gift from Trog
 35900 | Vaults:3 | Found a snail-covered altar of Cheibriados.
 35952 | Vaults:3 | Received a gift from Trog
 36230 | Vaults:3 | Reached skill level 10 in Evocations
 36441 | Vaults:3 | Found a staircase to the Crypt.
 36528 | Vaults:3 | Received a gift from Trog
 36705 | Vaults:3 | Found Inacojez's Book Shoppe.
 36800 | Vaults:3 | Reached XP level 21. HP: 213/213 MP: 25/25
 37088 | Vaults:4 | Reached skill level 20 in Axes
 37193 | Vaults:4 | Received a gift from Trog
 38046 | Vaults:4 | Gained mutation: You passively map a small area around you. [potion of beneficial mutation]
 38233 | Vaults:4 | Reached skill level 10 in Stealth
 38331 | Vaults:4 | Received a gift from Trog
 38420 | Vaults:5 | Entered Level 5 of the Vaults
 38475 | Vaults:5 | Received a gift from Trog
 38477 | Vaults:5 | Reached XP level 22. HP: 180/224 MP: 28/28
 38721 | Vaults:5 | Reached skill level 21 in Axes
 38761 | Vaults:5 | Received a gift from Trog
 39268 | Elf:2    | You paid a toll of a +2 storm dragon armour to enter a treasure trove
 39269 | Trove    | Entered a treasure trove
 40038 | Vaults:5 | Lost mutation: Your magical capacity is low (-10% MP). [evolution]
 40238 | Vaults:5 | Got a crude jade ring
 40246 | Vaults:5 | Identified the ring of False Pretenses {rN+ Str+2 Dex+2} (You took it off an ogre mage on level 5 of the Vaults)
 40321 | Vaults:5 | Got a clouded jade ring
 40322 | Vaults:5 | Identified the ring of Paeremops {rPois rF+ rN+ SInv} (You found it on level 5 of the Vaults)
 40393 | Vaults:5 | Got a flickering iron ring
 40406 | Vaults:5 | Identified the ring of a Thousand Souls {rPois rC- MP+9 Str-5 Dex+5} (You took it off a vault warden on level 5 of the Vaults)
 40422 | Vaults:5 | Got a silver rune of Zot
 40491 | Vaults:5 | Received a gift from Trog
 41042 | Crypt:1  | Entered Level 1 of the Crypt
 41196 | Crypt:1  | Reached XP level 23. HP: 209/234 MP: 33/33
 42477 | Crypt:3  | Entered Level 3 of the Crypt
 42599 | Crypt:3  | Reached skill level 22 in Axes
 42655 | Crypt:3  | Received a gift from Trog
 42758 | Crypt:3  | Found a staircase to the Tomb.
 42981 | Crypt:3  | Found an ancient bone altar of Kikubaaqudgha.
 42981 | Crypt:3  | Noticed an ancient lich
 42995 | Crypt:3  | Killed an ancient lich
 43038 | Crypt:3  | Got a steaming marble ring
 43068 | Crypt:3  | Identified the ring of Pyskila {rF+ MR- MP+9 Str-4 Dex+10} (You found it on level 3 of the Crypt)
 43806 | D:11     | Was placed under penance by Trog
 43810 | D:11     | Learned a level 3 spell: Regeneration
 43937 | D:8      | Fell from the grace of Trog
 43937 | D:8      | Became a worshipper of Makhleb the Destroyer
 44243 | D:14     | Got a scorched bronze ring
 44244 | D:14     | Identified the ring of Gegiwifo {*Contam MR- Str+7 Dex+2 SInv} (You found it on level 14 of the Dungeon)
 44505 | D:14     | Acquired Makhleb's first power
 44836 | D:11     | Learned a level 4 spell: Condensation Shield
 44894 | D:15     | Entered Level 15 of the Dungeon
 45146 | D:15     | Found a staircase to the Depths.
 45397 | D:15     | Lost mutation: Your flesh is cold resistant. [potion of mutation]
 45867 | Depths:1 | Entered Level 1 of the Depths
 45903 | Depths:1 | Found a one-way gate leading to the halls of Pandemonium.
 45908 | Depths:1 | Found a gateway to Hell.
 45935 | Depths:1 | Acquired Makhleb's second power
 46074 | Depths:1 | Found a one-way gate to the infinite horrors of the Abyss.
 46093 | Depths:1 | Acquired Makhleb's third power
 46367 | Depths:1 | Reached XP level 24. HP: 243/246 MP: 34/34
 46674 | Depths:2 | Noticed SkyBlueFox's ghost (powerful FeEn)
 46703 | Depths:2 | Killed SkyBlueFox's ghost
 46804 | Depths:2 | Acquired Makhleb's fourth power
 46859 | Depths:2 | Reached skill level 15 in Evocations
 47156 | Depths:2 | Noticed Saint Roka
 47174 | Depths:2 | Killed Saint Roka
 47190 | Depths:2 | Noticed haldagan's ghost (mighty TrWn)
 47220 | Depths:2 | Killed haldagan's ghost
 47221 | Depths:2 | Acquired Makhleb's fifth power
 47571 | Depths:3 | Gained mutation: You heal very quickly. [evolution]
 47712 | Depths:3 | Paralysed by a giant eyeball for 2 turns
 47714 | Depths:3 | HP: 4/247 [orc warlord/uncursed enchanted battleaxe (31)]
 47714 | Depths:3 | Slain by an alligator

Vault maps used:
D:1:      scummos_arrival_hexagon, st_stairs_3, minmay_distorted
D:2:      minmay_misc_feat_columns
D:4:      nicolae_overflow_hidden_temple, nicolae_ossuary_entry_plus
D:5:      wad_river_or_something, first_bread, uniq_sigmund
D:6:      nicolae_overflow_crystal_walls, old_standard_altar, kennysheep_mini,
          kennysheep_vampire_church
D:7:      minmay_temple_entry_purple_smoke, kb_lookout_dungeons_type,
          grunt_ogre_cave, minmay_misc_feat_iff
D:8:      makhleb_blood_cavern_becter, lemuel_flamethrower_2
D:9:      overflow_temple_1_default, nemelex_diamond_rough_becter
D:10:     kennysheep_nub, uniq_maud, uniq_urug
D:11:     due_lair_maze_entry_diamond, hiddenorc1_lemuel,
          nicolae_qazlal_style_of_elements
D:12:     uniq_nergalle
D:13:     lightli_vaults_fourway_checkpoint, basic_altar
D:14:     lemuel_flame_loot_2, minmay_misc_feat_room, stair_cage_line,
          minivault_16
D:15:     grunt_enter_depths_hoard
Temple:   triangle_lava_temple_12
Lair:1:   lab_entry_generic
Lair:2:   mu_elephants_graveyard
Lair:3:   minmay_shoals_entry_hut, guppyfry_snake_entry_island,
          roderic_carrion_pond, lemuel_fruit_fields, uniq_rupert, uniq_sonja
Lair:4:   portal_ice_cave_entry_imps
Lair:6:   slime_altar_1, beast_lair_carwin_11
Lair:8:   wormcave, guppyfry_lair_end_dragon
Shoals:1: nicolae_shoals_circle_sea_wall, hangedman_shoal_octodias, uniq_donald,
          uniq_louise, uniq_roxanne
Shoals:2: centaur_isle
Shoals:3: uniq_jorgrun
Shoals:4: shoals_end_hangedman, shoals_ilsuiw_alternative
Snake:1:  serial_shops, nicolae_shop_competitors_out_of_business, spider_trap,
          serial_bayou_shore_a
Snake:2:  st_stairs_3, serial_bayou_shore_b
Snake:3:  st_stairs_11
Snake:4:  snake_pit, uniq_aizul, uniq_mara
Orc:1:    uniq_harold
Orc:2:    serial_shops, nicolae_shop_waterfront, uniq_josephine
Orc:3:    nicolae_orc_pool_cavern
Orc:4:    grunt_orc_gardens, grunt_orc_garden, grunt_orc_garden,
          grunt_orc_garden, grunt_orc_garden
Elf:1:    eino_elf_arrival_the_gate, minmay_elf_sorcery
Elf:2:    nicolae_trove_entry_free_sample, hex_large, basic_stair_grate_trap
Elf:3:    grunt_elf_hall_diamonds, kb_rosetta
Vaults:1: nicolae_vaults_murderbox, v_misc_12, hangedman_vaults_river_flow,
          hangedman_vaults_corner, grunt_vaults_diagonal, v_misc_18, v_misc_17,
          v_misc_27, v_misc_25, v_misc_3, ontoclasm_vaults_pinch, serial_shops,
          nicolae_shop_competitors_out_of_business
Vaults:2: v_pattern_2, nicolae_vaults_shelves_hall, vaults_room_fours,
          vaults_room_ringed_pool, nicolae_vaults_border_crossing,
          nicolae_vaults_shelves_hall, nicolae_vaults_ring_of_whatevers,
          hangedman_vaults_locks, ontoclasm_vaults_shout, v_misc_29,
          hangedman_vaults_cutoff, vaults_room_large_hall, v_misc_15,
          vaults_dpeg_ring, vaults_room_grid
Vaults:3: dpeg_vaults_waves, hangedman_vaults_stitches, v_pattern_3,
          minmay_crypt_entry_simple_plaza, nicolae_vaults_rhombus_5,
          dpeg_vaults_monster_row, v_misc_26, vaults_room_grunt_arrival_ludios,
          hangedman_vaults_trim, basic_altar, serial_shops, shop
Vaults:4: vaults_room_stairs_pillars, v_misc_33, ontoclasm_vaults_hangar,
          grunt_vaults_twisty, vaults_mumra_hex, nicolae_vaults_sealed_display,
          nicolae_vaults_what_the_h, v_misc_18, nicolae_vaults_theta, v_misc_15,
          ontoclasm_vaults_shuriken
Vaults:5: serial_shops
Crypt:3:  cryptofortress_bobbens
Depths:1: minmay_ice_pillars, minmay_room_of_horrors,
          pf_vacation_house_of_asmodeus, grunt_decor_fettered, pan_entry,
          evilmike_butchery
Depths:2: minmay_outward_triangles, abyss_entry, grunt_hell_horde,
          uniq_saint_roka
Depths:3: hangedman_pleasuredromes, abyss_entry, pan_entry, hell_entry
Lab:      labyrinth_skeletal_remains, lab_fountain, nicolae_lab_quarters,
          nicolae_lab_arrow, nicolae_lab_blocks, nicolae_lab_stuck,
          nicolae_lab_hexagon, nicolae_lab_starburst
Trove:    trove_wands_scrolls
Ossuary:  ossuary_crypta
IceCv:    ice_cave_caverns_03

Action                   |  1- 3 |  4- 6 |  7- 9 | 10-12 | 13-15 | 16-18 | 19-21 | 22-24 || total
-------------------------+-------+-------+-------+-------+-------+-------+-------+-------++-------
Melee: Hand axe          |   104 |   254 |   464 |    36 |    36 |       |       |     5 ||   899
       War axe           |       |       |       |    75 |       |       |       |       ||    75
       Broad axe         |       |       |       |   472 |  1154 |  1334 |  1521 |  1614 ||  6095
Throw: Javelin           |       |       |       |       |       |     3 |       |       ||     3
Invok: Berserk           |     1 |     4 |    12 |    16 |     8 |     9 |     5 |     5 ||    60
       Brothers in Arms  |       |       |       |       |       |    11 |       |       ||    11
       Trog's Hand       |       |       |       |       |       |       |     2 |       ||     2
       Burn Spellbooks   |       |       |       |       |       |       |     1 |       ||     1
 Abil: Breathe Dispellin |       |       |     7 |     2 |     1 |     1 |       |       ||    11
Evoke: Wand              |       |     5 |     4 |       |       |     8 |    12 |    15 ||    44
       Disc of storms    |       |       |       |     2 |       |       |       |     4 ||     6
       Sack of spiders   |       |       |       |       |       |     1 |     1 |     1 ||     3
       Box of beasts     |       |       |       |       |       |       |     5 |     1 ||     6
       Phantom mirror    |       |       |       |       |       |       |     1 |       ||     1
       Fan of gales      |       |       |       |       |       |       |     1 |       ||     1
       Lamp of fire      |       |       |       |       |       |       |     1 |       ||     1
  Use: Potion            |       |     1 |    12 |     2 |     5 |     6 |     4 |     1 ||    31
       Scroll            |       |     1 |     2 |    18 |    22 |    15 |     4 |    10 ||    72
 Stab: Sleeping          |       |     4 |     4 |    18 |    54 |    22 |    20 |    23 ||   145
       Distracted        |       |     1 |       |     3 |     4 |     2 |     8 |     4 ||    22
       Confused          |       |       |       |       |     4 |       |       |       ||     4
  Eat: Chunk             |       |     8 |    13 |    25 |    27 |    21 |    36 |    28 ||   158
       Bread ration      |       |     1 |     3 |     1 |       |       |       |       ||     5
       Meat ration       |       |       |     1 |       |     2 |     1 |       |       ||     4
       Royal jelly       |       |       |       |       |     3 |     2 |       |       ||     5
       Fruit             |       |       |       |       |       |    22 |       |    13 ||    35
       Pizza             |       |       |       |       |       |       |       |     1 ||     1
       Beef jerky        |       |       |       |       |       |       |       |     1 ||     1
